| TOP OF THE 1ST |
|
New York Mets batting - Pitching for Detroit Tigers : RHP Kevin Gross
|
|
Pitching: RHP Kevin Gross
|
|
|
Batting: LHB Cliff Floyd
|
0-0: Ball 1-0: Ground out 1-3 (Groundball, 13S, EV 68.1 MPH)
|
|
Batting: LHB Tony Tarasco
|
0-0: Ball 1-0: Called Strike 1-1: Foul Ball, location: 2F 1-2: Ball 2-2: Strikes out swinging
|
|
Batting: RHB Gary Sheffield
|
0-0: Foul Ball, location: 2F 0-1: Ball 1-1: Called Strike 1-2: Ball 2-2: Ball 3-2: Foul Ball, location: 2F 3-2: Fly out, F7 (Flyball, 7, EV 86.3 MPH)
|
| Top of the 1st over - 0 runs, 0 hits, 0 errors, 0 left on base; New York 0 - Detroit 0 |
| BOTTOM OF THE 1ST |
|
Detroit Tigers batting - Pitching for New York Mets : RHP Jason Isringhausen
|
|
Pitching: RHP Jason Isringhausen
|
|
|
Batting: SHB Adrian Brown
|
0-0: Swinging Strike 0-1: Ball 1-1: Foul Ball, location: 2F 1-2: Foul Ball, location: 2F 1-2: Ball 2-2: Reached on error, E4 (Groundball, 4, EV 108.1 MPH)
|
|
Batting: LHB Joe Orsulak
|
0-0: Ball 1-0: Ball 2-0: Called Strike 2-1: Ball 3-1: Foul Ball, location: 2F 3-2: Fly out, F8 (Flyball, 8LM, EV 84.4 MPH)
|
|
Batting: LHB Ben Grieve
|
0-0: Ball 1-0: Ball 2-0: SINGLE (Line Drive, 78S, EV 90.6 MPH) Adrian Brown to third
|
|
Batting: LHB Tino Martinez
|
0-0: Foul Ball, location: 2F 0-1: SINGLE (Groundball, 34D, EV 107.5 MPH) Adrian Brown scores Ben Grieve to second Runner from 2nd tries for 3rd, SAFE, throw by RF made to third
|
|
Batting: LHB Brent Mayne
|
0-0: Called Strike 0-1: Ball 1-1: Ball 2-1: Called Strike 2-2: Fly out, F7 (Flyball, 7S, EV 84.4 MPH)
|
|
Batting: SHB Jeff Barry
|
0-0: Called Strike 0-1: Swinging Strike 0-2: Ball 1-2: Strikes out swinging
|
| Bottom of the 1st over - 1 run, 2 hits, 1 error, 2 left on base; New York 0 - Detroit 1 |
| TOP OF THE 2ND |
|
New York Mets batting - Pitching for Detroit Tigers : RHP Kevin Gross
|
|
Batting: RHB Sammy Sosa
|
0-0: Ball 1-0: Called Strike 1-1: Foul Ball, location: 2F 1-2: Strikes out swinging
|
|
Batting: RHB Phil Nevin
|
0-0: Called Strike 0-1: Ball 1-1: Fly out, F8 (Flyball, 8RXD, EV 101.3 MPH)
|
|
Batting: RHB Greg Colbrunn
|
0-0: SINGLE (Line Drive, 8LS, EV 111.9 MPH)
|
|
Batting: RHB Bret Boone
|
0-0: Called Strike Greg Colbrunn steals 2nd base 0-1: Hit by Pitch
|
|
Batting: RHB Olmedo Saenz
|
0-0: Ball 1-0: Ball 2-0: Foul Ball, location: 2F 2-1: Ball 3-1: Called Strike 3-2: Strikes out looking
|
| Top of the 2nd over - 0 runs, 1 hit, 0 errors, 2 left on base; New York 0 - Detroit 1 |
| BOTTOM OF THE 2ND |
|
Detroit Tigers batting - Pitching for New York Mets : RHP Jason Isringhausen
|
|
Batting: RHB Howard Battle
|
0-0: Ball 1-0: Ball 2-0: Ball 3-0: Called Strike 3-1: Foul Ball, location: 2F 3-2: Ground out 5-3 (Groundball, 56S, EV 94.4 MPH)
|
|
Batting: RHB Shane Halter
|
0-0: Ball 1-0: Foul Ball, location: 2F 1-1: Swinging Strike 1-2: Strikes out swinging
|
|
Batting: RHB Alex Arias
|
0-0: Ball 1-0: Swinging Strike 1-1: Ball 2-1: Foul Ball, location: 2F 2-2: Foul Ball, location: 2F 2-2: Foul Ball, location: 2F 2-2: Strikes out swinging
|
| Bottom of the 2nd over - 0 runs, 0 hits, 0 errors, 0 left on base; New York 0 - Detroit 1 |
| TOP OF THE 3RD |
|
New York Mets batting - Pitching for Detroit Tigers : RHP Kevin Gross
|
|
Batting: LHB B.J. Surhoff
|
0-0: Ball 1-0: SINGLE (Groundball, 34D, EV 104.4 MPH)
|
|
Batting: LHB Cliff Floyd
|
0-0: Ball 1-0: Ball 2-0: Ball 3-0: Base on Balls B.J. Surhoff to second
|
|
Batting: LHB Tony Tarasco
|
0-0: Foul Ball, location: 2F 0-1: Ball 1-1: Ball 2-1: Swinging Strike 2-2: Ball 3-2: Base on Balls B.J. Surhoff to third Cliff Floyd to second
|
|
Batting: RHB Gary Sheffield
|
0-0: Called Strike 0-1: Called Strike 0-2: Ball 1-2: Foul Ball, location: 2F 1-2: Fly out, F2 (Popup, 2R, EV 88.8 MPH)
|
|
Batting: RHB Sammy Sosa
|
0-0: Foul Ball, location: 2F 0-1: Ball 1-1: Ball 2-1: Foul Ball, location: 2F 2-2: Foul Ball, location: 2F 2-2: Ball 3-2: Strikes out swinging
|
|
Batting: RHB Phil Nevin
|
0-0: Ball 1-0: Ball 2-0: Ball 3-0: Called Strike 3-1: DOUBLE (Flyball, 78D, EV 98.1 MPH) B.J. Surhoff scores Cliff Floyd scores Tony Tarasco to third Runner from 3rd tries for Home, SAFE, no throw by CF
|
|
Batting: RHB Greg Colbrunn
|
0-0: Called Strike 0-1: Foul Ball, location: 2F 0-2: Ball 1-2: Ball 2-2: Strikes out swinging
|
| Top of the 3rd over - 3 runs, 2 hits, 0 errors, 1 left on base; New York 3 - Detroit 1 |
| BOTTOM OF THE 3RD |
|
Detroit Tigers batting - Pitching for New York Mets : RHP Jason Isringhausen
|
|
Batting: SHB Adrian Brown
|
0-0: Ball 1-0: Called Strike 1-1: Ground out 6-3 (Groundball, 6S, EV 80.6 MPH)
|
|
Batting: LHB Joe Orsulak
|
0-0: Called Strike 0-1: Ball 1-1: Swinging Strike 1-2: Ground out 6-3 (Groundball, 56, EV 80.0 MPH)
|
|
Batting: LHB Ben Grieve
|
0-0: Foul Ball, location: 2F 0-1: Swinging Strike 0-2: Ball 1-2: Foul Ball, location: 2F 1-2: Strikes out looking
|
| Bottom of the 3rd over - 0 runs, 0 hits, 0 errors, 0 left on base; New York 3 - Detroit 1 |
| TOP OF THE 4TH |
|
New York Mets batting - Pitching for Detroit Tigers : RHP Kevin Gross
|
|
Batting: RHB Bret Boone
|
0-0: Called Strike 0-1: Ball 1-1: Called Strike 1-2: Strikes out looking
|
|
Batting: RHB Olmedo Saenz
|
0-0: Ball 1-0: Ball 2-0: Called Strike 2-1: Ground out 6-3 (Groundball, 56, EV 86.9 MPH)
|
|
Batting: LHB B.J. Surhoff
|
0-0: Called Strike 0-1: Swinging Strike 0-2: Ball 1-2: Ball 2-2: Ball 3-2: Foul Ball, location: 2F 3-2: Fly out, F8 (Flyball, 78M, EV 95.0 MPH)
|
| Top of the 4th over - 0 runs, 0 hits, 0 errors, 0 left on base; New York 3 - Detroit 1 |
| BOTTOM OF THE 4TH |
|
Detroit Tigers batting - Pitching for New York Mets : RHP Jason Isringhausen
|
|
Batting: LHB Tino Martinez
|
0-0: Called Strike 0-1: Ball 1-1: Foul Ball, location: 2F 1-2: SOLO HOME RUN (Line Drive, 9LD, EV 102.5 MPH), Distance : 360 ft
|
|
Batting: LHB Brent Mayne
|
0-0: Hit by Pitch
|
|
Batting: SHB Jeff Barry
|
0-0: Called Strike 0-1: Ball 1-1: Fly out, F8 (Flyball, 8LD, EV 85.6 MPH)
|
|
Batting: RHB Howard Battle
|
0-0: Called Strike 0-1: Foul Ball, location: 2F 0-2: Ball 1-2: Ball 2-2: Ball 3-2: Foul Ball, location: 2F 3-2: Foul Ball, location: 2F 3-2: Foul Ball, location: 2F 3-2: Foul Ball, location: 2F 3-2: Base on Balls Brent Mayne to second
|
|
Batting: RHB Shane Halter
|
0-0: Foul Ball, location: 2F 0-1: Ball 1-1: Foul Ball, location: 2F 1-2: Strikes out looking
|
|
Batting: RHB Alex Arias
|
0-0: Called Strike 0-1: Ball 1-1: Ball 2-1: Ball 3-1: Called Strike 3-2: SINGLE (Line Drive, 89S, EV 110.0 MPH) Brent Mayne to third Howard Battle to second Brent Mayne scores Howard Battle to third
|
|
Batting: SHB Adrian Brown
|
0-0: Called Strike 0-1: Swinging Strike 0-2: Ball 1-2: Ball 2-2: Fly out, F8 (Flyball, 8LD, EV 105.6 MPH)
|
| Bottom of the 4th over - 2 runs, 2 hits, 0 errors, 2 left on base; New York 3 - Detroit 3 |
| TOP OF THE 5TH |
|
New York Mets batting - Pitching for Detroit Tigers : RHP Kevin Gross
|
|
Batting: LHB Cliff Floyd
|
0-0: Called Strike 0-1: Foul Ball, location: 2F 0-2: Foul Ball, location: 2F 0-2: Ball 1-2: Ball 2-2: Ball 3-2: Strikes out swinging
|
|
Batting: LHB Tony Tarasco
|
0-0: Foul Ball, location: 2F 0-1: Ball 1-1: Ball 2-1: Fly out, F8 (Line Drive, 8LD, EV 95.0 MPH)
|
|
Batting: RHB Gary Sheffield
|
0-0: Called Strike 0-1: SINGLE (Groundball, 34D, EV 96.3 MPH)
|
|
Batting: RHB Sammy Sosa
|
0-0: Called Strike 0-1: Fly out, F5 (Popup, 25, EV 84.4 MPH)
|
| Top of the 5th over - 0 runs, 1 hit, 0 errors, 1 left on base; New York 3 - Detroit 3 |
| BOTTOM OF THE 5TH |
|
Detroit Tigers batting - Pitching for New York Mets : RHP Jason Isringhausen
|
|
Batting: LHB Joe Orsulak
|
0-0: SINGLE (Line Drive, 7S, EV 87.5 MPH)
|
|
Batting: LHB Ben Grieve
|
0-0: Ball 1-0: Ball 2-0: Fly out, F7 (Flyball, 78M, EV 90.6 MPH)
|
|
Batting: LHB Tino Martinez
|
0-0: Foul Ball, location: 2F 0-1: Ball 1-1: Foul Ball, location: 2F 1-2: Ball 2-2: Foul Ball, location: 2F 2-2: Ball 3-2: Foul Ball, location: 2F 3-2: Foul Ball, location: 2F 3-2: Grounds into double play, 4-6-3 (Groundball, 4D, EV 81.9 MPH)
|
| Bottom of the 5th over - 0 runs, 1 hit, 0 errors, 0 left on base; New York 3 - Detroit 3 |
| TOP OF THE 6TH |
|
New York Mets batting - Pitching for Detroit Tigers : RHP Kevin Gross
|
|
Batting: RHB Phil Nevin
|
0-0: Fly out, F7 (Line Drive, 7, EV 94.4 MPH)
|
|
Batting: RHB Greg Colbrunn
|
0-0: Ball 1-0: Called Strike 1-1: Ground out 5-3 (Groundball, 56S, EV 93.1 MPH)
|
|
Batting: RHB Bret Boone
|
0-0: Ball 1-0: Called Strike 1-1: Ball 2-1: Reached on error, E5 (Groundball, 56S, EV 88.1 MPH)
|
|
Batting: RHB Olmedo Saenz
|
0-0: Ball 1-0: Ball 2-0: Ground out 6-3 (Groundball, 6S, EV 67.5 MPH)
|
| Top of the 6th over - 0 runs, 0 hits, 1 error, 1 left on base; New York 3 - Detroit 3 |
| BOTTOM OF THE 6TH |
|
Detroit Tigers batting - Pitching for New York Mets : RHP Jason Isringhausen
|
|
Batting: LHB Brent Mayne
|
0-0: Ball 1-0: Foul Ball, location: 2F 1-1: Ball 2-1: SINGLE (Line Drive, 89M, EV 88.8 MPH)
|
|
Batting: SHB Jeff Barry
|
0-0: Foul Ball, location: 2F 0-1: Ball 1-1: Grounds into double play, 6-4-3 (Groundball, 56, EV 81.9 MPH)
|
|
Batting: RHB Howard Battle
|
0-0: Ball 1-0: Ball 2-0: Swinging Strike 2-1: Swinging Strike 2-2: Ground out 5-3 (Groundball, 56, EV 78.8 MPH)
|
| Bottom of the 6th over - 0 runs, 1 hit, 0 errors, 0 left on base; New York 3 - Detroit 3 |
| TOP OF THE 7TH |
|
New York Mets batting - Pitching for Detroit Tigers : RHP Kevin Gross
|
|
Batting: LHB B.J. Surhoff
|
0-0: Called Strike 0-1: SINGLE (Flyball, 6D, EV 90.0 MPH)
|
|
Pitching: RHP Danny Graves
|
|
|
Batting: LHB Cliff Floyd
|
0-0: Called Strike 0-1: Ball 1-1: Ball 2-1: Foul Ball, location: 2F 2-2: Ball 3-2: Strikes out swinging
|
|
Batting: LHB Tony Tarasco
|
0-0: Called Strike 0-1: Ball 1-1: Fly out, F5 (Flyball, 5D, EV 81.9 MPH)
|
|
Batting: RHB Gary Sheffield
|
0-0: Ball B.J. Surhoff steals 2nd base (no throw) 1-0: SINGLE (Groundball, 6D, EV 98.8 MPH) B.J. Surhoff to third Runner from 3rd tries for Home, SAFE, no throw by CF
|
|
Batting: RHB Sammy Sosa
|
0-0: Foul Ball, location: 2F 0-1: Called Strike 0-2: Ball 1-2: Ball 2-2: Foul Ball, location: 2F 2-2: Strikes out looking
|
| Top of the 7th over - 1 run, 2 hits, 0 errors, 1 left on base; New York 4 - Detroit 3 |
| BOTTOM OF THE 7TH |
|
Detroit Tigers batting - Pitching for New York Mets : RHP Jason Isringhausen
|
|
Batting: RHB Shane Halter
|
0-0: Ball 1-0: Called Strike 1-1: Ball 2-1: Ground out 6-3 (Groundball, 6, EV 90.6 MPH)
|
|
Pitching: LHP Wayne Edwards
|
|
|
Batting: RHB Alex Arias
|
0-0: Called Strike 0-1: Ball 1-1: Ground out 6-3 (Groundball, 6, EV 90.0 MPH)
|
|
Batting: SHB Adrian Brown
|
0-0: Ball 1-0: Ball 2-0: Ball 3-0: Called Strike 3-1: SINGLE (Groundball, 6MD, EV 105.0 MPH)
|
|
Batting: LHB Joe Orsulak
|
0-0: Ball 1-0: Called Strike 1-1: Ball Adrian Brown is caught stealing 2nd base 2-6
|
| Bottom of the 7th over - 0 runs, 1 hit, 0 errors, 0 left on base; New York 4 - Detroit 3 |
| TOP OF THE 8TH |
|
New York Mets batting - Pitching for Detroit Tigers : RHP Danny Graves
|
|
Batting: RHB Phil Nevin
|
0-0: Called Strike 0-1: Ball 1-1: Ground out 5-3 (Groundball, 56, EV 100.6 MPH)
|
|
Batting: RHB Greg Colbrunn
|
0-0: Called Strike 0-1: Swinging Strike 0-2: Foul Ball, location: 2F 0-2: Fly out, F8 (Flyball, 8LXD, EV 97.5 MPH)
|
|
Batting: RHB Bret Boone
|
0-0: Foul Ball, location: 2F 0-1: Ball 1-1: Fly out, F6 (Line Drive, 6, EV 73.1 MPH)
|
| Top of the 8th over - 0 runs, 0 hits, 0 errors, 0 left on base; New York 4 - Detroit 3 |
| BOTTOM OF THE 8TH |
|
Detroit Tigers batting - Pitching for New York Mets : LHP Wayne Edwards
|
|
Batting: LHB Joe Orsulak
|
0-0: Called Strike 0-1: Ball 1-1: Ball 2-1: Fly out, F8 (Line Drive, 8RD, EV 90.6 MPH)
|
|
Batting: LHB Ben Grieve
|
0-0: Ball 1-0: Foul Ball, location: 2F 1-1: Swinging Strike 1-2: Ground out 4-3 (Groundball, 4, EV 104.4 MPH)
|
|
Batting: LHB Tino Martinez
|
0-0: Ball 1-0: Ball 2-0: Ball 3-0: Fly out, F8 (Flyball, 78M, EV 91.3 MPH)
|
| Bottom of the 8th over - 0 runs, 0 hits, 0 errors, 0 left on base; New York 4 - Detroit 3 |
| TOP OF THE 9TH |
|
New York Mets batting - Pitching for Detroit Tigers : RHP Danny Graves
|
|
Batting: RHB Olmedo Saenz
|
0-0: Fly out, F7 (Line Drive, 7, EV 95.0 MPH)
|
|
Batting: LHB B.J. Surhoff
|
0-0: Called Strike 0-1: Fly out, F7 (Flyball, 7D, EV 91.3 MPH)
|
|
Batting: LHB Cliff Floyd
|
0-0: Called Strike 0-1: Called Strike 0-2: Ball 1-2: Strikes out looking
|
| Top of the 9th over - 0 runs, 0 hits, 0 errors, 0 left on base; New York 4 - Detroit 3 |
| BOTTOM OF THE 9TH |
|
Detroit Tigers batting - Pitching for New York Mets : LHP Wayne Edwards
|
|
Pitching: RHP Darren Holmes
|
|
|
Batting: LHB Brent Mayne
|
0-0: Ball 1-0: Called Strike 1-1: Foul Ball, location: 2F 1-2: Ball 2-2: Foul Ball, location: 2F 2-2: Fly out, F2 (Popup, 23F, EV 84.4 MPH)
|
|
Batting: SHB Jeff Barry
|
0-0: Fly out, F8 (Flyball, 8LD, EV 105.0 MPH)
|
|
Batting: RHB Howard Battle
|
0-0: Fly out, F9 (Flyball, 89M, EV 73.1 MPH)
|
| Bottom of the 9th over - 0 runs, 0 hits, 0 errors, 0 left on base; New York 4 - Detroit 3 |
|